 Dungeon Crawl Stone Soup version 0.21-a0-460-g737a915 (webtiles) character file.

65 tof the Sneak (level 4, -5/30 HPs)
             Began as an Octopode Assassin on Nov 20, 2017.
             Killed by divine providence
             ... invoked by an orc priest
              (10 damage)
             ... on level 3 of the Dungeon.
             The game lasted 00:02:44 (2004 turns).

tof the Sneak (Octopode Assassin)                   Turns: 2004, Time: 00:02:44

Health: -5/30      AC:  1    Str: 10    XL:     4   Next: 14%
Magic:  4/4        EV: 13    Int: 13    God:
Gold:   43         SH:  0    Dex: 14    Spells: 3/3 levels left

rFire    . . .     SeeInvis .   a - +2 dagger
rCold    . . .     Gourm    .   (no shield)
rNeg     . . .     Faith    .   (helmet restricted)
rPois    .         Spirit   .   (no amulet)
rElec    .         Reflect  .   (no ring)
rCorr    .         Harm     .   (no ring)
MR       .....                  (no ring)
Stlth    ++++......             (no ring)
HPRegen  0.10/turn              (no ring)
MPRegen  0.09/turn              (no ring)
                                (no ring)
                                (no ring)

@: no status effects
A: almost no armour, stealthy swim, amphibious, 8 rings, constrict 8, camouflage
1, gelatinous body 1
a: no special abilities


You were on level 3 of the Dungeon.
You were not hungry.

You visited 1 branch of the dungeon, and saw 3 of its levels.

You collected 43 gold pieces.

Inventory:

Hand Weapons
 a - a +2 dagger (weapon)
 b - a +0 blowgun
Missiles
 c - 8 poisoned needles
 d - 2 curare-tipped needles
Scrolls
 g - a scroll of fog {unknown}
 h - 2 scrolls of magic mapping {unknown}
 k - 6 scrolls of remove curse {unknown}
 m - 2 scrolls of identify {unknown}
 q - 2 scrolls of fear {unknown}
 r - a scroll of enchant weapon {unknown}
 u - a scroll of teleportation {unknown}
 v - a scroll of amnesia {unknown}
Potions
 e - a potion of haste {unknown}
 l - a potion of mutation {unknown}
 o - a potion of brilliance {unknown}
 p - a potion of curing {unknown}
 t - 2 potions of degeneration {unknown}
 w - a potion of heal wounds {unknown}
 z - a potion of lignification {unknown}
Books
 x - a book of Minor Magic

   Spells                             Type                      Level
   a - Magic Dart                     Conjuration                  1
   b - Blink                          Translocation                2
   c - Call Imp                       Summoning                    2
   d - Slow                           Hexes                        2
   e - Conjure Flame                  Conjuration/Fire             3
   f - Mephitic Cloud                 Conjuration/Poison/Air       3
Comestibles
 f - 4 bread rations
 i - a royal jelly
 j - 3 fruits
 n - 13 chunks of flesh
 s - a meat ration


   Skills:
 + Level 2.4 Fighting
 * Level 3.0 Short Blades
 + Level 2.4 Throwing
 + Level 1.7 Dodging
 + Level 5.7 Stealth


You had 3 spell levels left.
You didn't know any spells.

Dungeon Overview and Level Annotations

Branches:
Dungeon (3/15)

Altars:


Innate Abilities, Weirdness & Mutations

You cannot wear most types of armour.
You are very stealthy in the water. (Stealth+)
You are amphibious.
You can wear up to eight rings at the same time.
You can use your tentacles to constrict eight enemies at once.
Your skin changes colour to match your surroundings (Stealth+).
Your rubbery body absorbs attacks. (AC +1, EV +1)


Message History

You hit the orc priest.
The orc priest is moderately wounded.
You constrict the orc priest, but do no damage.
The orc hits you.
* * * LOW HITPOINT WARNING * * *
The orc priest escapes!
The orc wizard hits you but does no damage.
You hit the orc. You grab the orc. You squeeze the orc.
You kill the orc!
The orc closely misses you. The orc wizard misses you.
The orc priest barely misses you. The orc wizard misses you.
The orc wizard casts a spell.
The orc wizard flickers and vanishes!
Deactivating autopickup; reactivate with Ctrl-A.
You see here a club.
A bat comes into view.
The orc priest invokes the aid of Beogh against you.
Beogh smites you!
You die...

.. ## ... .## #.#.#######..###
#.#............## #.#
#............ #.# #..........#
#.# #..@..#.. ###
#.#####.o##..<....# #.##)....#
#...##.##### ########.##.###.#
#..o......##. #...........#
#o#####...........
#...........###....####.o....#.
#...............g..g.r..........
#........##.######.####.........
#........##..# #.#####...#....


You could see an orc priest and 2 orcs.

Vanquished Creatures
  2 adders (D:2)
  2 worms (D:2)
  A dart slug (D:2)
  A leopard gecko (D:1)
  2 orcs (D:3)
  A bat (D:1)
  2 giant cockroaches
  3 goblins
  7 hobgoblins
  2 jackals (D:3)
  7 kobolds
  A ball python (D:2)
  A frilled lizard (D:1)
  4 rats
36 creatures vanquished.

Notes
Turn   | Place    | Note
-------+----------+-------------------------------------------
     0 | D:1      | tof the Octopode Assassin began the quest for the Orb.
     0 | D:1      | Reached XP level 1. HP: 14/14 MP: 1/1
   238 | D:1      | Reached XP level 2. HP: 16/19 MP: 2/2
  1022 | D:2      | Reached XP level 3. HP: 16/24 MP: 3/3
  1880 | D:3      | Reached XP level 4. HP: 28/30 MP: 4/4
  2004 | D:3      | Killed from afar by an orc priest

Vault maps used:
D:1:      minmay_arrival_checkered_box, serial_glass, glass_columns_a,
          glass_columns_b, glass_columns_a, glass_columns_a, item_on_display_a,
          due_unseen_surprise, feat_on_display, minmay_strange_pillars
D:3:      nicolae_overflow_crystal_walls, minmay_box_of_dots

Skill      XL: |  1  2  3  4 |
---------------+-------------+-----
Short Blades   | 3 |  3.0
Fighting       | |  2.4
Throwing       | |  2.4
Dodging        | |  1.7
Stealth        | |  5.7

Action                   |  1- 3 |  4- 6 || total
-------------------------+-------+-------++-------
Melee: Dagger            |    59 |    12 ||    71
       Constrict         |    13 |     4 ||    17
       Tentacles         |     7 |     2 ||     9
 Stab: Sleeping          |    14 |     1 ||    15
  Eat: Chunk             |     3 |       ||     3
Armor: Skin              |     1 |     1 ||     2
Dodge: Dodged            |    30 |    10 ||    40

Table legend:
 A = Spawn XP
 B = Non-spawn XP
 C = Spawn XP percentage of total XP
 D = Spawn monster count
 E = Non-spawn monster count
 F = Spawn count percentage of total count
 G = Total turns spent on level
                    A         B        C        D         E        F      G
               +---------+---------+-------+---------+---------+-------+---------
         Total |       0 |      94 |   0.0 |       0 |      36 |   0.0 |  2004
               +---------+---------+-------+---------+---------+-------+---------
           D:1 |       0 |      24 |   0.0 |       0 |      15 |   0.0 |   828
           D:2 |       0 |      52 |   0.0 |       0 |      12 |   0.0 |  1025
           D:3 |       0 |      18 |   0.0 |       0 |       9 |   0.0 |   151
               +---------+---------+-------+---------+---------+-------+---------
